 Dungeon Crawl Stone Soup version 0.32-a0-484-g2eb335deba (webtiles) character file.

Game seed: 16094051675666159548

281 Alarak the Slasher (level 6, -6/51 HPs)
             Began as a Minotaur Fighter on Feb 27, 2024.
             Mangled by Duvessa
             ... wielding a +0 short sword
              (10 damage)
             ... on level 4 of the Dungeon.
             The game lasted 00:04:44 (3082 turns).

Alarak the Slasher (Minotaur Fighter)               Turns: 3082, Time: 00:04:45

Health: -6/51      AC: 10    Str: 20    XL:     6   Next: 6%
Magic:  5/5        EV:  9    Int:  5    God:
Gold:   119        SH:  4    Dex: 12    Spells: 5/5 levels left

rFire   + . .        a - +1 long sword
rCold   + . .        c - +0 buckler
rNeg    . . .        b - +0 scale mail
rPois   .            (helmet restricted)
rElec   .            p - +1 cloak
rCorr   .            j - +0 pair of gloves
SInv    .            (no boots)
Will    .....        (no amulet) Stlth
                     q - ring of protection from cold
HPRegen 0.28/turn    h - ring of protection from fire
MPRegen 0.09/turn

%: no passive effects
@: no status effects
A: horns 2, retaliatory headbutt
a: no special abilities


You were on level 4 of the Dungeon.
You visited 1 branch of the dungeon, and saw 4 of its levels.

You collected 119 gold pieces.

Inventory:

Hand Weapons
 a - a +1 long sword (weapon)
Armour
 b - a +0 scale mail (worn)
 c - a +0 buckler (worn)
 j - a +0 pair of gloves (worn)
 p - a +1 cloak (worn)
Jewellery
 h - a ring of protection from fire (right hand)
 q - a ring of protection from cold (left hand)
Wands
 l - a wand of flame (19)
Scrolls
 i - a scroll of fog
 m - 3 scrolls of identify
 n - a scroll of enchant armour
 o - a scroll of enchant weapon
 r - a scroll of noise {unknown}
 t - 3 scrolls of blinking
 u - a scroll of poison {unknown}
Potions
 d - 2 potions of might
 e - 3 potions of curing
 f - 4 potions of attraction {unknown}
 g - a potion of mutation {unknown}
 k - 3 potions of cancellation {unknown}
 s - a potion of heal wounds {unknown}


   Skills:
 - Level 3.6 Fighting
 + Level 7.7 Long Blades
 - Level 3.6 Armour
 - Level 3.6 Shields


You had 5 spell levels left.
You didn't know any spells.
Your spell library contained the following spells:

 Spells                   Type           Power      Damage    Failure   Level
 Magic Dart               Conj           0%         1d3       88%         1
 Blink                    Tloc           0%         N/A       95%         2
 Call Imp                 Summ           0%         N/A       95%         2


Dungeon Overview and Level Annotations

Branches:
Dungeon (4/15)
 Temple: D:4-7

Altars:
Hepliaklqana
Wu Jian

Shops:
D:4 *

Annotations:
D:4 Duvessa


Innate Abilities, Weirdness & Mutations

You have a pair of horns on your head.
You reflexively headbutt those who attack you in melee.


Message History

Duvessa is lightly wounded.
Duvessa misses you.
You barely miss Duvessa.
Duvessa is lightly wounded.
Duvessa hits you with a +0 short sword. Duvessa hits you but does no damage.
You are too injured to fight recklessly!
You are too injured to fight recklessly!
You are too injured to fight recklessly!
You are too injured to fight recklessly!
You are too injured to fight recklessly!
You are too injured to fight recklessly!
You are too injured to fight recklessly!
You are too injured to fight recklessly!
You are too injured to fight recklessly!
You barely miss Duvessa. You headbutt Duvessa.
Duvessa is lightly wounded.
Duvessa hits you but does no damage. Duvessa hits you with a +0 short sword.
You hit Duvessa.
Duvessa is lightly wounded.
Duvessa hits you with a +0 short sword.
You barely miss Duvessa.
Duvessa is lightly wounded.
Duvessa hits you but does no damage. Duvessa hits you with a +0 short sword.
* * * LOW HITPOINT WARNING * * *
You hit Duvessa. You headbutt Duvessa.
Duvessa is moderately wounded.
You block Duvessa's attack.
You closely miss Duvessa.
Duvessa is moderately wounded.
Duvessa hits you with a +0 short sword.
* * * LOW HITPOINT WARNING * * *
Duvessa hits you with a +0 short sword.
* * * LOW HITPOINT WARNING * * *
You slash Duvessa!
Duvessa is heavily wounded.
Duvessa closely misses you.
You hit Duvessa. You headbutt Duvessa.
Duvessa is heavily wounded.
Duvessa hits you with a +0 short sword!
You die...

.# #.... ####+#.#
#...# ...|..#
#...# #.... +....
+...######## #...#
#........... .....
#....###### ######
##)#.#
#@#.##############
#e#...............
#S################
... #.# ... ##. .


You could see Duvessa (berserk) and a ball python.

Vanquished Creatures
  Dowan (D:4)
  A bombardier beetle (D:4)
  An orc priest (D:4)
  Jessica (D:3)
  An orc wizard (D:4)
  Robin (D:2)
  An adder (D:2)
  A dart slug (D:1)
  A ribbon worm (D:3)
  3 orcs (D:4)
  7 bats
  13 endoplasms
  2 giant cockroaches
  8 hobgoblins
  10 jackals
  5 quokkas
  7 ball pythons
  A frilled lizard (D:2)
  12 goblins
  7 kobolds
  4 rats
88 creatures vanquished.

Notes
Turn   | Place    | Note
-------+----------+-------------------------------------------
     0 | D:1      | Alarak the Minotaur Fighter began the quest for the Orb.
     0 | D:1      | Reached XP level 1. HP: 19/19 MP: 0/0
   141 | D:1      | Reached skill level 3 in Long Blades
   186 | D:1      | Reached XP level 2. HP: 17/26 MP: 1/1
   330 | D:1      | Reached skill level 4 in Long Blades
   596 | D:1      | Reached XP level 3. HP: 31/31 MP: 2/2
  1062 | D:2      | Reached skill level 5 in Long Blades
  1274 | D:2      | Reached XP level 4. HP: 32/39 MP: 3/3
  1369 | D:2      | Noticed Robin
  1383 | D:2      | Killed Robin
  1955 | D:3      | Noticed Jessica
  1961 | D:3      | Killed Jessica
  1962 | D:3      | Reached skill level 6 in Long Blades
  2065 | D:3      | Found a hazy altar of Hepliaklqana.
  2284 | D:3      | Reached XP level 5. HP: 45/45 MP: 4/4
  2317 | D:3      | Found an ornate altar of the Wu Jian Council.
  2608 | D:4      | Found Jaohoz's General Store.
  2757 | D:4      | Identified the +9 whip of Righteous Anger {pain, Int+3}
  2910 | D:4      | Reached skill level 7 in Long Blades
  3061 | D:4      | Noticed Dowan
  3063 | D:4      | Noticed Duvessa
  3071 | D:4      | Killed Dowan
  3072 | D:4      | Reached XP level 6. HP: 51/51 MP: 5/5
  3082 | D:4      | Mangled by Duvessa

Illustrated notes

Levels and vault maps discovered:
D:1:      ncdulo_watergridlock, layout_basic
D:2:      layout_basic, uniq_robin
D:3:      layout_loops_ring, nicolae_hepliaklqana_hippocampus,
          lemuel_round_altar, kennysheep_crisscross, kennysheep_jessica_study
D:4:      layout_basic, serial_shops, nicolae_diamond_shop, uniq_duvessa

Skill      XL: |  1  2  3  4  5 |
---------------+----------------+-----
Long Blades    | 3 4 5 6 7 |  7.7
Fighting       | |  3.6
Armour         | |  3.6
Shields        | |  3.6

Action                     |  1- 3 |  4- 6 || total
---------------------------+-------+-------++-------
  Melee: Long sword        |   107 |   107 ||   214
         Headbutt          |    12 |    23 ||    35
    Use: Scroll            |       |     9 ||     9
 Armour: Scale mail        |   113 |    65 ||   178
  Dodge: Dodged            |    74 |    45 ||   119
  Block: Buckler           |    36 |    16 ||    52

Table legend: (Time is in decaauts)
 A = Elapsed time spent in this place.
 B = Non-inter-level travel time spent in this place.
 C = Inter-level travel time spent in this place.
 D = Time resting spent in this place.
 E = Time spent auto-exploring this place.
 F = Levels seen in this place.
 G = Mean time per level.
                   A        B        C        D        E       F      G
               +--------+--------+--------+--------+--------+-----+--------+
         Total |   3115 |   2970 |    145 |    227 |   2245 |   4 |  778.8 |
       Dungeon |   3115 |   2970 |    145 |    227 |   2245 |   4 |  778.8 |
               +--------+--------+--------+--------+--------+-----+--------+

Top non-repeatable levels by time:
     D:2: 1122 daAuts
     D:3: 827 daAuts
     D:1: 690 daAuts
     D:4: 475 daAuts
